 Dungeon Crawl Stone Soup version 0.25-a0-547-g27a0b5d1ef (webtiles) character file.

Game seed: 5960823218552797771, levelgen mode: classic

248534 EnegeticOcto the Champion of Chaos (level 18, -23/177 HPs)
             Began as a Deep Dwarf Fighter on Feb 21, 2020.
             Was the Champion of Makhleb.
             Killed from afar by a tengu reaver (46 damage)
             ... with a bolt of lightning
             ... on level 3 of the Depths.
             The game lasted 00:16:58 (16226 turns).

EnegeticOcto the Champion of Chaos (DDFi)          Turns: 16226, Time: 00:16:59

Health: -23/177    AC: 23    Str: 26    XL:     18   Next: 36%
Magic:  2/2        EV: 11    Int:  9    God:    Makhleb [******]
Gold:   962        SH: 26    Dex: 12    Spells: 17/17 levels left

rFire    + + +     SeeInvis +   v - +6 broad axe (freeze)
rCold    + + .     Gourm    .   C - +0 tower shield
rNeg     + + +     Faith    .   r - +4 plate armour of the Distant Future {rF+++ rN+++ MR- Int-2}
rPois    +         Spirit   .   M - +0 hat of the Blind Marksman {rPois SInv}
rElec    .         Reflect  +   n - +0 cloak
rCorr    .         Harm     .   (no gloves)
MR       +++..                  D - +1 pair of boots {run}
Stlth    ..........             E - amulet "Juceteov" {Reflect rC++ SH+6}
HPRegen  0.00/turn              p - ring of protection from magic
MPRegen  0.08/turn              B - ring of protection from magic

@: non-regenerating, quick
A: damage resistance, heal wounds, negative energy resistance 1, sense
surroundings 3, poison resistance, no regeneration
}: 3/15 runes: decaying, serpentine, silver
a: Heal Wounds, Minor Destruction, Lesser Servant of Makhleb, Major Destruction,
Greater Servant of Makhleb, Renounce Religion


You were on level 3 of the Depths.
You worshipped Makhleb.
Makhleb was exalted by your worship.
You were hungry.

You visited 7 branches of the dungeon, and saw 36 of its levels.

You collected 1761 gold pieces.
You spent 799 gold pieces at shops.

Inventory:

Hand Weapons
 v - a +6 broad axe of freezing (weapon)
Armour
 n - a +0 cloak (worn)
 r - the +4 plate armour of the Distant Future (worn) {rF+++ rN+++ MR- Int-2}
   (You found it on level 10 of the Dungeon)

   It affects your intelligence (-2).
   It renders you almost immune to fire.
   It renders you almost immune to negative energy.
   It affects your resistance to hostile enchantments.
   If you remove this armour, your AC will decrease by 19 (23 -> 4).
 C - a +0 tower shield (worn)
 D - a +1 pair of boots of running (worn)
 M - the +0 hat of the Blind Marksman (worn) {rPois SInv}
   (You acquired it on level 13 of the Dungeon)

   It protects you from poison.
   It lets you see invisible.
   If you remove this armour, your AC will remain unchanged.
Jewellery
 p - a ring of protection from magic (left hand)
 B - a ring of protection from magic (right hand)
 E - the amulet "Juceteov" (around neck) {Reflect rC++ SH+6}
   (You acquired it on level 11 of the Dungeon)

   [amulet of reflection]

   It shields you and reflects attacks.
   It greatly protects you from cold.
   It affects your SH (+6).
Wands
 A - a wand of digging (7) {@v2}
 F - a wand of iceblast (7)
 G - a wand of flame (55)
 H - a wand of acid (3) {@v1}
 I - a wand of polymorph (19)
Scrolls
 a - a scroll of blinking {@r3}
 c - 2 scrolls of identify {@r1}
 d - 7 scrolls of remove curse {@r6}
 h - 2 scrolls of fear
 i - 4 scrolls of teleportation {@r2}
 l - 7 scrolls of immolation {@r4}
 o - 9 scrolls of magic mapping {@r5}
 s - 3 scrolls of fog
 u - 4 scrolls of enchant armour
 J - a scroll of enchant weapon
Potions
 f - 6 potions of lignification {@q7}
 g - 2 potions of brilliance
 j - 2 potions of stabbing {@q5}
 k - a potion of might {@q3}
 m - 4 potions of resistance {@q6}
 q - 6 potions of curing {@q1}
 t - 3 potions of invisibility
 w - 5 potions of heal wounds {@q2}
 x - a potion of ambrosia
 z - 2 potions of mutation
 K - 6 potions of cancellation
Miscellaneous
 y - a lamp of fire
Comestibles
 b - 13 chunks of flesh
 e - 35 rations


   Skills:
 * Level 14.9 Fighting
 * Level 17.2 Axes
 - Level 12.7 Armour
 - Level 11.5 Dodging
 * Level 14.0 Shields
 * Level 18.8 Invocations


You had 17 spell levels left.
You didn't know any spells.
Your spell library was empty.

Dungeon Overview and Level Annotations

Branches:
Dungeon (15/15)            Temple (1/1) D:6            Lair (4/6) D:8
  Swamp (4/4) Lair:4        Snake (4/4) Lair:2          Orc (0/2) D:9
 Vaults (5/5) D:14         Depths (3/5) D:15
  Crypt: Vaults:2-3

Altars:
Ashenzari
Cheibriados
Dithmenos
Elyvilon
Fedhas
Gozag
Hepliaklqana
Kikubaaqudgha
Makhleb
Nemelex Xobeh
Okawaru
Qazlal
Ru
Trog
Uskayaw
Vehumet
Wu Jian
Yredelemnul
Zin
The Shining One

Shops:
D:9 *   D:12 *   D:15 *(?   Vaults:5 %

Annotations:
D:3 2 runed translucent doors, surprisetrex's ghost, weakling HOFE
D:8 2 transporters, exclusion: orange crystal statue, EnegeticOcto's ghost, novice DDFi
Lair:2 2 transporters
Lair:4 2 transporters, Rooheesk's ghost, journeyman DDGl
Depths:3 1 exclusion


Innate Abilities, Weirdness & Mutations

You are resistant to damage.
You can heal yourself by infusing magical energy.
You resist negative energy. (rN+)
You passively map a large area around you.
You do not regenerate.
Your system is resistant to poisons. (rPois)


Message History

Makhleb accepts your kill.
The yaktaur wields a +0 arbalest.
The yaktaur shoots a bolt.
You reflect the bolt off an invisible shield around you!
The bolt hits the yaktaur!!
Things that are here:
a large rock; a stone giant corpse You are too injured to fight recklessly!
You are too injured to fight recklessly!
You are too injured to fight recklessly!
You are too injured to fight recklessly!
You are too injured to fight recklessly!
You are too injured to fight recklessly!
You are too injured to fight recklessly!
You are too injured to fight recklessly!
You slice the yaktaur!! You freeze the yaktaur.
You kill the yaktaur!
Makhleb accepts your kill.
You feel better.
No target in view!
No target in view!
No target in view!
No target in view!
No target in view!
The ice dragon breathes frost at you. The blast of cold hits you!! You resist.
You hear a shout!
You closely miss the ice dragon.
You hear a shout!
You block the ice dragon's attack. x2
The ice dragon tramples you but does no damage.
You hit the ice dragon but do no damage.
The ice dragon breathes frost at you. The blast of cold hits you! You resist.
* * * LOW HITPOINT WARNING * * *
You hear a shout!
You slash the ice dragon!
The ice dragon is lightly wounded.
The ice dragon bites you. The ice dragon claws you.
You block the ice dragon's attack.
You barely miss the ice dragon.
The ice dragon is lightly wounded.
The ice dragon barely misses you. x2; You block the ice dragon's attack.
The tengu reaver casts a spell.
The tengu reaver conjures a globe of magical energy!
A battlesphere comes into view.
You slice the ice dragon!!
The ice dragon is heavily wounded.
You slash the battlesphere!
You hit the ice dragon but do no damage.
The ice dragon is heavily wounded.
You block the ice dragon's attack. x3
You slash the ice dragon!
The ice dragon is severely wounded.
You block the ice dragon's attack. The ice dragon barely misses you.
You block the ice dragon's attack.
You closely miss the ice dragon.
The ice dragon is severely wounded.
You block the ice dragon's attack. x3
You slice the ice dragon!! You freeze the ice dragon.
The ice dragon is almost dead.
You slash the ice dragon!
You kill the ice dragon!
Makhleb accepts your kill.
You feel better.
You chop the battlesphere into pieces!!!
You freeze the battlesphere.
You destroy the battlesphere!
The tengu reaver blocks your attack. You block the tengu reaver's attack. x2
The tengu reaver barely misses you. The tengu reaver blocks your attack.
You hit the tengu reaver but do no damage.
The tengu reaver casts a spell.
The tengu reaver conjures a globe of magical energy!
A battlesphere comes into view.
The tengu reaver blocks your attack.
You hit the battlesphere.
The tengu reaver hits you with a +0 broad axe of flaming!
You block the tengu reaver's attack. x2
The tengu reaver blocks your attack.
You slice the tengu reaver!! You freeze the tengu reaver!
The tengu reaver is moderately wounded.
Your Executioner is no longer moving quickly.
You block the tengu reaver's attack. x3
You barely miss the tengu reaver.
The tengu reaver is moderately wounded.
The tengu reaver casts a spell at you. The bolt of lightning hits you!!
* * * LOW HITPOINT WARNING * * *
The battlesphere fires!
The barrage of energy hits you. The tengu reaver blocks your attack.
The tengu reaver is moderately wounded.
You block the tengu reaver's attack.
The tengu reaver pecks you but does no damage.
The tengu reaver claws you but does no damage.
The tengu reaver blocks your attack.
The tengu reaver is moderately wounded.
The tengu reaver blocks your attack.
The tengu reaver is moderately wounded.
The tengu reaver gestures at you while chanting.
The bolt of lightning hits you!!!
You die...

##.# ##.# #.# ##.#..# #..#
##.## #.###.#..# #..###.##
*###.##.#..##########
#..##.## *#
#...(..((.....(..... #....##
##.* #.#..#..############
##...# ##.####<#.#*.......#
*
##.#.###..........(########*
.....##.......)1)))...... ,
, ,,
...###.#.....###@†#######* *
..2.#.....#####Q)(# * , * *
, #.#........###c#)†# * * ,,
............#C##).# *
##########...# ##.# ** ,* *
#...## #.# , , ,,* #...##,
#.# , *,, * ,,, #L..## ,,
#.# * , , * ,,,* #...# , #..
* , *


You could see a tengu reaver, a yaktaur captain, an ettin, a battlesphere and a
friendly Executioner.

Vanquished Creatures
  A lich (Depths:3)
  Gastronok (Lair:3)
  A sphinx (Vaults:5)
  A storm dragon (Vaults:5)
  Kirke (Snake:4)
  3 tengu reavers (Vaults:5)
  6 nagarajas (Snake:4)
  5 thorn hunters
  A frost giant (Depths:1)
  4 vault wardens
  A deep elf sorcerer (Vaults:5)
  2 ironheart preservers
  A stone giant (Depths:3)
  6 very ugly things
  2 entropy weavers
  2 ettins (Depths:2)
  3 fire dragons
  A great orb of eyes (Vaults:3)
  4 yaktaur captains
  10 vault guards
  2 ice dragons
  A rakshasa (Depths:3)
  18 hydras
  9 naga warriors
  A catoblepas (D:13)
  3 ogre magi
  4 anacondas (Snake:4)
  A ghost crab (Swamp:4)
  6 centaur warriors
  4 alligators
  17 two-headed ogres
  A death knight (D:14)
  6 tengu warriors
  Urug (D:14)
  3 shock serpents (Snake:4)
  3 naga sharpshooters (Snake:4)
  An iron troll (Depths:3)
  3 salamander mystics (Snake:4)
  4 unseen horrors
  4 skeletal warriors (D:13)
  A spriggan druid (Swamp:4)
  A deep troll (Vaults:5)
  A shadow wraith (Vaults:5)
  A flayed ghost (Vaults:3)
  5 naga ritualists (Snake:4)
  13 swamp dragons
  A glowing orange brain (Depths:2)
  2 ironbrand convokers (Vaults:5)
  A phantasmal warrior (Vaults:5)
  Pikel (D:5)
  A necromancer (Lair:3)
  20 ugly things
  2 wolf spiders
  2 orc knights
  A cyclops (D:14)
  3 deep elf magi
  A faun (shapeshifter) (Vaults:5)
  6 elephants (Lair:4)
  4 manticores
  4 salamanders
  A vault sentinel (Vaults:1)
  3 guardian serpents
  10 naga magi (Snake:4)
  Psyche (D:8)
  5 black mambas
  4 spiny frogs
  5 komodo dragons
  Maggie (D:6)
  10 rime drakes (Lair:4)
  13 yaktaurs
  4 trolls
  A merfolk (D:10)
  3 meliai (D:13)
  3 hornets
  2 jumping spiders (Vaults:5)
  7 tyrant leeches
  5 blink frogs
  Grinder (D:6)
  14 slime creatures
  4 bog bodies (Swamp:4)
  2 hippogriffs
  4 redbacks
  A centaur simulacrum (D:15)
  2 shadows
  A wraith (D:12)
  2 vampires (D:15)
  2 spriggans
  2 wyverns
  2 basilisks
  8 steam dragons
  17 yaks
  16 humans (D:14)
  3 hungry ghosts
  35 nagas (Snake:4)
  Edmund (D:6)
  Menkaure (D:6)
  7 insubstantial wisps
  4 swamp worms
  A soldier ant (shapeshifter) (Depths:2)
  2 water moccasins
  An acid dragon (D:15)
  2 slaves (D:5)
  A floating eye (Depths:3)
  6 orc warriors
  4 porcupines
  4 sky beasts
  A hornet zombie (D:13)
  6 ice beasts
  5 swamp drakes
  2 black bears
  9 ogres
  2 elephant zombies (Lair:3)
  4 phantoms
  17 centaurs
  8 crocodiles
  A big kobold (D:10)
  A komodo dragon zombie (Lair:3)
  19 bullfrogs
  A water moccasin skeleton (D:4)
  A scorpion (D:14)
  5 howler monkeys
  2 killer bees (D:13)
  9 wights
  4 electric eels
  10 crimson imps
  A bullfrog zombie (D:13)
  A wyvern simulacrum (D:15)
  3 jellies
  2 bullfrog skeletons (D:12)
  3 orc priests (D:13)
  Crazy Yiuf (D:7)
  2 centaur skeletons
  6 hounds
  11 orc wizards
  7 iguanas
  13 worker ants
  A crocodile zombie (Lair:3)
  8 ogre zombies (D:9)
  A hound zombie (D:11)
  3 hound skeletons
  A worker ant zombie (D:9)
  4 gnolls
  8 adders
  4 shadow imps
  An ooze (D:5)
  A worm (shapeshifter) (Vaults:3)
  2 worms
  A dart slug (D:2)
  7 leopard geckos
  42 orcs
  3 bats
  5 giant cockroaches
  A goblin (D:3)
  3 hobgoblins
  19 jackals
  4 kobolds
  3 quokkas
  3 frilled lizards
  A goblin skeleton (D:9)
  2 goblin zombies (D:9)
  A hobgoblin skeleton (D:9)
  2 hobgoblin zombies (D:9)
  2 leopard gecko skeletons
  4 orc skeletons (D:9)
  15 orc zombies (D:9)
  A rat (D:3)
  7 briar patches
  2 plants (D:11)
766 creatures vanquished.

Vanquished Creatures (collateral kills)
  A sphinx (Vaults:5)
  3 thorn hunters (Swamp:4)
  2 shadow dragons (Vaults:5)
  A tengu reaver (Vaults:5)
  A fire giant (Vaults:5)
  A frost giant (Vaults:5)
  A stone giant (Depths:3)
  A spriggan defender (Depths:3)
  2 ettins (Vaults:5)
  A deep elf death mage (Vaults:5)
  An ice dragon (Depths:3)
  A yaktaur captain (Depths:3)
  12 vault guards (Vaults:5)
  A rakshasa (Depths:3)
  A naga warrior (Snake:4)
  A hydra (Swamp:4)
  A two-headed ogre (D:13)
  4 alligators (Swamp:3)
  An ogre mage (Depths:3)
  2 deep troll shamans (Depths:3)
  A vampire mage (Depths:3)
  2 naga sharpshooters (Snake:4)
  3 swamp dragons (Swamp:4)
  2 deep trolls (Depths:3)
  An orc knight (Vaults:5)
  A salamander (Snake:4)
  A black mamba (Snake:4)
  A jumping spider (Vaults:4)
  A tyrant leech (Swamp:4)
  2 hornets (Swamp:3)
  2 spriggans (Swamp:3)
  A redback (Vaults:5)
  A wraith (D:13)
  A hungry ghost (D:13)
  2 insubstantial wisps (Swamp:4)
  3 nagas (Snake:4)
  2 swamp drakes
66 creatures vanquished.

Vanquished Creatures (others)
  A stone giant (Depths:3)
  A yaktaur captain (Vaults:1)
  A hydra (Swamp:1)
  2 alligators (Swamp:4)
  2 naga sharpshooters
  A rime drake (Lair:4)
  6 yaktaurs
  A blink frog (Swamp:4)
  3 humans (Snake:4)
  A naga (Snake:4)
  A swamp drake (Swamp:3)
  7 centaurs
  A gnoll (D:5)
  A shadow imp (D:10)
  13 briar patches
  2 plants (D:11)
44 creatures vanquished.

Grand Total: 876 creatures vanquished

Notes
Turn   | Place    | Note
-------+----------+-------------------------------------------
     0 | D:1      | EnegeticOcto the Deep Dwarf Fighter began the quest for the
                  | Orb.
     0 | D:1      | Reached XP level 1. HP: 20/20 MP: 1/1
    72 | D:1      | Reached XP level 2. HP: 24/27 MP: 2/2
   120 | D:2      | Found a bloodstained altar of Trog.
   256 | D:3      | Reached XP level 3. HP: 29/34 MP: 3/3
   304 | D:3      | Found a large runed translucent door.
   304 | D:3      | Found a large runed translucent door.
   310 | D:3      | Noticed surprisetrex's ghost (weakling HOFE)
   376 | D:4      | Reached skill level 1 in Dodging
   462 | D:4      | Reached XP level 4. HP: 28/42 MP: 4/4
   559 | D:4      | Reached XP level 5. HP: 30/49 MP: 5/5
   657 | D:4      | Noticed a centaur
   665 | D:4      | Killed a centaur
   903 | D:5      | Entered Level 5 of the Dungeon
   951 | D:5      | Noticed an ice beast
   966 | D:5      | Killed an ice beast
   966 | D:5      | Reached XP level 6. HP: 49/57 MP: 4/4
  1007 | D:5      | Found a sacrificial altar of Ru.
  1179 | D:5      | Reached XP level 7. HP: 39/66 MP: 5/5
  1195 | D:5      | Reached skill level 5 in Axes
  1230 | D:5      | Noticed Pikel
  1286 | D:5      | Killed Pikel
  1286 | D:5      | Reached skill level 5 in Fighting
  1286 | D:5      | Reached skill level 5 in Armour
  1286 | D:5      | Reached skill level 5 in Shields
  1286 | D:5      | Reached XP level 8. HP: 66/74 MP: 3/3
  1578 | D:6      | Found a white marble altar of Elyvilon.
  1596 | D:6      | Noticed Edmund
  1608 | D:6      | Killed Edmund
  1611 | D:6      | Found a staircase to the Ecumenical Temple.
  1620 | Temple   | Entered the Ecumenical Temple
  1722 | Temple   | Became a worshipper of Makhleb the Destroyer
  1776 | D:6      | Reached skill level 1 in Invocations
  1967 | D:6      | Noticed Maggie
  1996 | D:6      | Killed Maggie
  1996 | D:6      | Reached skill level 2 in Invocations
  2100 | D:6      | Found a shadowy altar of Dithmenos.
  2237 | D:6      | Noticed Menkaure
  2256 | D:6      | Killed Menkaure
  2256 | D:6      | Gained mutation: You passively map the area around you.
                  | [Deep Dwarf growth]
  2256 | D:6      | Reached XP level 9. HP: 49/82 MP: 3/5
  2441 | D:6      | Reached skill level 3 in Invocations
  2459 | D:6      | Noticed Grinder
  2464 | D:6      | Paralysed by Grinder for 3 turns
  2467 | D:6      | Killed Grinder
  2781 | D:7      | Reached skill level 4 in Invocations
  2896 | D:7      | Found a runed translucent door.
  2897 | D:7      | Noticed Crazy Yiuf
  3011 | D:7      | Reached skill level 5 in Dodging
  3097 | D:7      | Reached skill level 5 in Invocations
  3167 | D:7      | Found an ornate altar of the Wu Jian Council.
  3237 | D:7      | Killed Crazy Yiuf
  3273 | D:8      | Found a transporter.
  3304 | D:8      | Reached * piety under Makhleb
  3345 | D:8      | Noticed EnegeticOcto's ghost (novice DDFi)
  3381 | D:8      | Found a transporter.
  3459 | D:8      | Noticed an orange crystal statue
  3531 | D:8      | Found a staircase to the Lair.
  3962 | D:8      | Found a snail-covered altar of Cheibriados.
  3962 | D:8      | Noticed Psyche
  3976 | D:8      | Killed Psyche
  3976 | D:8      | Reached XP level 10. HP: 53/94 MP: 6/6
  4076 | D:9      | Found a staircase to the Orcish Mines.
  4083 | D:9      | Reached skill level 6 in Invocations
  4103 | D:9      | Reached ** piety under Makhleb
  4154 | D:9      | Found Xastruica's General Store.
  4158 | D:9      | Bought a potion of mutation for 88 gold pieces
  4886 | D:10     | Entered Level 10 of the Dungeon
  4928 | D:10     | Noticed a deep elf mage
  4946 | D:10     | Killed a deep elf mage
  4946 | D:10     | Reached skill level 7 in Invocations
  4948 | D:10     | Reached *** piety under Makhleb
  4974 | D:10     | Noticed a fire dragon
  5000 | D:10     | Killed a fire dragon
  5019 | D:10     | Noticed a tengu warrior
  5019 | D:10     | Noticed a white ugly thing
  5030 | D:10     | Killed a white ugly thing
  5030 | D:10     | Reached skill level 8 in Invocations
  5035 | D:10     | Killed a tengu warrior
  5035 | D:10     | Reached XP level 11. HP: 75/104 MP: 0/2
  5421 | D:10     | Got a jet-encrusted plate armour
  5432 | D:10     | Identified the +4 plate armour of the Distant Future {rF+++
                  | rN+++ MR- Int-2} (You found it on level 10 of the Dungeon)
  5562 | D:10     | Reached skill level 10 in Axes
  5566 | D:10     | Reached skill level 9 in Invocations
  5617 | D:10     | Reached **** piety under Makhleb
  6186 | D:11     | Noticed a seven-headed hydra
  6192 | D:11     | Killed a two-headed hydra
  6407 | D:11     | Identified 2 scrolls of acquirement
  6407 | D:11     | Identified a +1 pair of boots of running (You acquired it
                  | on level 11 of the Dungeon)
  6408 | D:11     | Identified the +0 hat "Ramohiel" {rN+ Int+2 Stlth+} (You
                  | acquired it on level 11 of the Dungeon)
  6408 | D:11     | Identified the amulet "Juceteov" {Reflect rC++ SH+6} (You
                  | acquired it on level 11 of the Dungeon)
  6920 | D:10     | Noticed a two-headed ogre
  6931 | D:10     | Killed a two-headed ogre
  6989 | Lair:1   | Entered Level 1 of the Lair of Beasts
  7424 | Lair:2   | Reached skill level 10 in Invocations
  7449 | Lair:2   | Found a staircase to the Snake Pit.
  7666 | Lair:2   | Found a transporter.
  7690 | Lair:2   | Found a transporter.
  8072 | Lair:3   | Reached XP level 12. HP: 100/114 MP: 4/4
  8199 | Lair:3   | Noticed Gastronok
  8219 | Lair:3   | Killed Gastronok
  8916 | Lair:4   | Reached skill level 11 in Invocations
  8927 | Lair:4   | Reached skill level 10 in Fighting
  9026 | Lair:4   | Reached ***** piety under Makhleb
  9101 | Lair:4   | Noticed a fire dragon
  9123 | Lair:4   | Killed a fire dragon
  9123 | Lair:4   | Reached XP level 13. HP: 116/124 MP: 6/6
  9223 | Lair:4   | Found a staircase to the Swamp.
  9285 | Lair:4   | Found a transporter.
  9285 | Lair:4   | Found a transporter.
  9290 | Lair:4   | Identified the +4 trident of Slime {vamp, rF+ Stlth+}
  9290 | Lair:4   | Noticed Rooheesk's ghost (journeyman DDGl)
  9294 | Lair:4   | Found a bloodstained altar of Trog.
  9546 | Swamp:1  | Entered Level 1 of the Swamp
  9561 | Swamp:1  | Reached skill level 12 in Invocations
  9679 | Swamp:3  | Noticed a thorn hunter
  9703 | Swamp:3  | Killed a thorn hunter
  9902 | Swamp:3  | Found a hide-covered altar of Uskayaw.
  9921 | Swamp:3  | Noticed a thorn hunter
  9934 | Swamp:3  | Killed a thorn hunter
  9970 | Swamp:4  | Entered Level 4 of the Swamp
 10076 | Swamp:4  | Reached skill level 13 in Invocations
 10109 | Swamp:4  | Noticed a thorn hunter
 10117 | Swamp:4  | Killed a thorn hunter
 10117 | Swamp:4  | Reached skill level 10 in Shields
 10317 | Swamp:4  | Noticed a thorn hunter
 10331 | Swamp:4  | Killed a thorn hunter
 10355 | Swamp:4  | Gained mutation: You resist negative energy. (rN+) [Deep
                  | Dwarf growth]
 10355 | Swamp:4  | Reached XP level 14. HP: 63/135 MP: 6/6
 10369 | Swamp:4  | Noticed a thorn hunter
 10388 | Swamp:4  | Killed a thorn hunter
 10388 | Swamp:4  | Reached skill level 10 in Armour
 10535 | Swamp:4  | Reached skill level 14 in Invocations
 10552 | Swamp:4  | Noticed a thorn hunter
 10555 | Swamp:4  | Noticed a thorn hunter
 10577 | Swamp:4  | Killed a thorn hunter
 10579 | Swamp:4  | Killed a thorn hunter
 10654 | Swamp:4  | Got a decaying rune of Zot
 10680 | Swamp:4  | Noticed a thorn hunter
 10703 | Swamp:4  | Killed a thorn hunter
 10703 | Swamp:4  | Reached skill level 10 in Dodging
 10972 | Snake:1  | Entered Level 1 of the Snake Pit
 11137 | Snake:4  | Entered Level 4 of the Snake Pit
 11191 | Snake:4  | Noticed Kirke
 11207 | Snake:4  | Killed Kirke
 11207 | Snake:4  | Reached XP level 15. HP: 121/145 MP: 6/6
 11224 | Snake:4  | Noticed a nagaraja
 11224 | Snake:4  | Noticed a nagaraja
 11230 | Snake:4  | Killed a nagaraja
 11230 | Snake:4  | Reached skill level 15 in Invocations
 11243 | Snake:4  | Noticed a nagaraja
 11244 | Snake:4  | Killed a nagaraja
 11258 | Snake:4  | Noticed a nagaraja
 11260 | Snake:4  | Killed a nagaraja
 11266 | Snake:4  | Noticed a nagaraja
 11276 | Snake:4  | Killed a nagaraja
 11300 | Snake:4  | Killed a nagaraja
 11300 | Snake:4  | Gained mutation: Your system is resistant to poisons.
                  | (rPois) [a cacodemon]
 11405 | Snake:4  | Got a serpentine rune of Zot
 11455 | Snake:4  | Noticed a nagaraja
 11494 | Snake:4  | Killed a nagaraja
 12049 | D:12     | Found Fibalips's Assorted Antiques.
 12059 | D:12     | Reached skill level 15 in Axes
 12084 | D:12     | Bought a scroll of enchant weapon for 172 gold pieces
 12100 | D:12     | Reached skill level 16 in Invocations
 12119 | D:12     | Reached XP level 16. HP: 156/156 MP: 4/4
 12612 | D:13     | Identified the +0 hat of the Blind Marksman {rPois SInv}
                  | (You acquired it on level 13 of the Dungeon)
 13471 | D:14     | Found a gate to the Vaults.
 13471 | D:14     | Noticed Urug
 13496 | D:14     | Reached ****** piety under Makhleb
 13512 | D:14     | Killed Urug
 13631 | D:15     | Entered Level 15 of the Dungeon
 13834 | D:15     | Found Koucet's Antique Weapon Boutique.
 14235 | D:15     | Found Woyrghocu's Assorted Antiques.
 14243 | D:15     | Bought a scroll of enchant weapon for 187 gold pieces
 14243 | D:15     | Bought 2 scrolls of fog for 100 gold pieces
 14286 | D:15     | Found Ugriomol's Magic Scroll Boutique.
 14293 | D:15     | Bought a scroll of magic mapping for 49 gold pieces
 14293 | D:15     | Bought a scroll of magic mapping for 49 gold pieces
 14293 | D:15     | Bought a scroll of blinking for 105 gold pieces
 14293 | D:15     | Bought a scroll of immolation for 49 gold pieces
 14330 | D:15     | Found a bloodstained altar of Trog.
 14546 | D:15     | Found a staircase to the Depths.
 14705 | Vaults:1 | Entered Level 1 of the Vaults
 14732 | Vaults:1 | Reached skill level 17 in Invocations
 14866 | Vaults:3 | Reached XP level 17. HP: 165/165 MP: 5/5
 15161 | Vaults:5 | Entered Level 5 of the Vaults
 15398 | Vaults:5 | Found Peikaes's Food Shoppe.
 15523 | Vaults:5 | Reached skill level 18 in Invocations
 15638 | Vaults:5 | Got a silver rune of Zot
 15768 | Depths:1 | Entered Level 1 of the Depths
 15915 | Depths:2 | Gained mutation: You passively map a large area around you.
                  | [Deep Dwarf growth]
 15915 | Depths:2 | Reached XP level 18. HP: 165/176 MP: 2/2
 16010 | Depths:3 | Noticed a lich
 16026 | Depths:3 | Killed a lich
 16030 | Depths:3 | Paralysed by a floating eye for 3 turns
 16226 | Depths:3 | Killed from afar by a tengu reaver

Levels and vault maps discovered:
D:1:      dpeg_arrival_long_road, layout_rooms
D:2:      layout_loops_cross, overflow_temple_1_default, led_sif_pool,
          uniq_sigmund
D:3:      layout_basic, ebering_ghost_disaster_area, first_ration
D:4:      layout_loops_ring
D:5:      layout_cave_pools, nicolae_ru_great_annihilating_truth, uniq_pikel
D:6:      layout_loops_corners, nicolae_overflow_crystal_walls,
          minmay_temple_entry_junction_2, basic_altar, uniq_menkaure,
          uniq_maggie, uniq_edmund, uniq_grinder
D:7:      layout_rooms, kennysheep_mini_moat, uniq_crazy_yiuf_cottage
D:8:      minmay_statue_hallways, layout_loops_ring, slow_altar_2, tgw_xom,
          lair_entry_dummy, gammafunk_ghost_arena, uniq_psyche
D:9:      layout_long_grid, zombieorc2_lemuel, serial_shops, shop
D:10:     minmay_the_grid_net [minmay_the_grid_broken_lines,
          minmay_the_grid_medium_cups, minmay_the_grid_fan,
          minmay_the_grid_minigrid_large, minmay_the_grid_all_tris,
          minmay_the_grid_prize_shrinking_boxes], layout_basic,
          hangedman_stone_soup
D:11:     layout_loops_corners, minmay_lizard_king
D:12:     layout_basic, serial_shops, shop
D:13:     layout_gridville, st_stairs_10, eino_jars
D:14:     layout_roguey, david_vaults_3, basic_altar, special_room
          [special_room_orc]
D:15:     grunt_enter_depths_snipers, layout_loops_corners, basic_altar,
          serial_shops, shop_scrolls, nicolae_shop_behind_doors,
          nicolae_shop_stone
Temple:   regret_index_temple_waves
Lair:1:   layout_regular_city, basic_altar, grunt_megastairs_1
Lair:2:   gammafunk_cloud_chamber, layout_gridlike, dummy_snake_entry
Lair:3:   pond_and_an_island_with_a_cottage, layout_chaotic_city, uniq_gastronok
Lair:4:   layout_hall_layers, minmay_swamp_entry_eels,
          gammafunk_ghost_wrathful_warriors, bobbens_dragon_lair_wall
Swamp:1:  layout_falls_marsh, evilmike_swamp_ruin_rubble_1,
          infiniplex_staircase_pool_2
Swamp:2:  layout_basic_swamp, nicolae_swamp_dense_foliage, swamp_pool1,
          uniq_donald
Swamp:3:  layout_falls_marsh, evilmike_swamp_ruin_house_1, swamp_pool1,
          nicolae_swamp_godswood
Swamp:4:  swamp_basic_johnstein, layout_basic_swamp
Snake:1:  layout_misc_corridors
Snake:2:  layout_gridlike, lemuel_fruit_tree, minmay_shop_grove, uniq_roxanne,
          uniq_saint_roka
Snake:3:  layout_misc_corridors, gammafunk_ghost_arena, minmay_snake_pond,
          uniq_aizul
Snake:4:  johnstein_snake_rune_scales, layout_cave_town, ebering_ghost_xom,
          serial_shops, shop, uniq_kirke, uniq_nikola
Vaults:1: vaults_room_fours, ontoclasm_vaults_loading_screen,
          ontoclasm_vaults_eye, nicolae_vaults_minivaults, v_misc_14,
          serial_ice_g, vaults_dpeg_encased_lava,
          nicolae_vaults_windows_and_doors_thing, dpeg_vaults_monster_box,
          layout_vaults_omnigrid, serial_shops, bzr_entry_islet
Vaults:2: grunt_vaults_hallway_long, vaults_room_fancy_cross,
          nicolae_vaults_three_branches, ontoclasm_vaults_idyll,
          ontoclasm_vaults_gallery, vaults_room_ringed_pool,
          hangedman_vaults_nails, grunt_vaults_funnel,
          ontoclasm_vaults_loading_screen, nicolae_vaults_diagonal_hallway_8,
          v_alt_pattern_6, v_misc_26, hangedman_vaults_trim,
          layout_vaults_big_room, serial_shops, shop
Vaults:3: v_pattern_4, nicolae_vaults_big_angled_halls, v_alt_pattern_5,
          nicolae_vaults_big_ls, dpeg_vaults_waves, v_misc_4,
          nicolae_vaults_theta, vaults_room_large_hall, v_alt_pattern_4,
          minmay_crypt_entry_simple_box, ontoclasm_vaults_chip,
          nicolae_vaults_asterisk, hangedman_vaults_snaps, vaults_dpeg_ring,
          vaults_dpeg_spiral, layout_vaults_omnibox
Vaults:4: nicolae_vaults_big_angled_halls, nicolae_vaults_know_your_exits,
          hangedman_vaults_stream, v_misc_8, nicolae_vaults_ninety_degrees,
          nicolae_vaults_little_squares_3, grunt_vaults_swirl,
          hangedman_vaults_maws, nicolae_vaults_little_squares_4,
          vaults_dpeg_hooks, grunt_vaults_hallway_short, v_misc_16,
          layout_vaults_ring, basic_altar, uniq_bai_suzhen, uniq_jory,
          uniq_sojobo
Vaults:5
Depths:1: layout_long_grid, grunt_pan_entry_sceptre, pf_hell_entry_tar_river,
          chequers_serial_rivers_marsh, grunt_ministairs_5, grunt_decor_cap,
          minivault_16, st_stairs_5, minmay_misc_feat_rows,
          kennysheep_decorative_pillar, serial_bayou_pond_d, wad_rectangle_vault
Depths:2: evilmike_lava_path, layout_gridville, enter_ziggurat_d,
          grunt_hell_entry_dis_old, minmay_crystal_room
Depths:3: hangedman_grunt_twisty_little_passages, layout_basic,
          pf_vacation_house_of_asmodeus, pan_entry, minmay_acid_items

Skill      XL: |  1  2  3  4  5  6  7  8  9 10 11 12 13 14 15 16 17 18 |
---------------+-------------------------------------------------------+-----
Fighting       | 3 4 5 6 7 8 9 10 11 12 13 14 | 14.9
Axes           | 3 4 6 7 8 9 10 11 12 14 15 16 17 | 17.2
Dodging        | 1 2 3 4 5 6 7 8 9 10 11 | 11.5
Armour         | 4 5 6 7 8 9 10 11 12 | 12.7
Shields        | 4 5 6 7 8 9 10 11 12 13 14 | 14.0
Invocations    | 2 5 8 10 11 13 14 16 17 18 | 18.8

Action                   |  1- 3 |  4- 6 |  7- 9 | 10-12 | 13-15 | 16-18 || total
-------------------------+-------+-------+-------+-------+-------+-------++-------
Melee: War axe           |    66 |   118 |   318 |   662 |   855 |   282 ||  2301
       Broad axe         |       |       |       |       |       |   718 ||   718
Invok: Lesser Servant of |       |       |       |       |    18 |     1 ||    19
       Greater Servant o |       |       |       |       |     6 |    10 ||    16
 Abil: Heal Wounds       |       |     5 |    25 |    17 |    26 |    25 ||    98
Evoke: Wand              |       |       |       |     3 |       |     3 ||     6
       Lamp of fire      |       |       |       |     1 |     1 |       ||     2
  Use: Scroll            |       |       |    12 |    11 |     9 |     8 ||    40
       Potion            |       |       |       |       |     2 |     8 ||    10
 Stab: Confused          |       |       |       |       |     3 |       ||     3
       Distracted        |       |       |       |       |     6 |     3 ||     9
  Eat: Chunk             |       |     1 |    10 |    15 |     5 |    14 ||    45
       Ration            |       |       |       |     1 |     2 |       ||     3
Armor: Scale mail        |    41 |    60 |    39 |       |       |       ||   140
       Swamp dragon scal |       |       |    41 |    74 |       |       ||   115
       Plate armour      |       |       |       |   188 |   532 |   391 ||  1111
Dodge: Dodged            |    27 |    48 |   141 |   225 |   291 |   288 ||  1020
Block: Kite shield       |    47 |    75 |   179 |   517 |  1007 |   525 ||  2350
       Reflection        |       |       |       |     4 |    85 |    80 ||   169
       Tower shield      |       |       |       |       |       |   595 ||   595

Table legend:
 A = Non-vault XP
 B = Vault XP
 C = Vault XP percentage of total XP
 D = Non-vault monster count
 E = Vault monster count
 F = Vault count percentage of total count
                 A         B        C        D         E       F
            +---------+---------+-------+---------+---------+-------
      Total |  162210 |  159126 |  49.5 |     540 |     304 |  36.0
            +---------+---------+-------+---------+---------+-------
        D:1 |      13 |       0 |   0.0 |       6 |       0 |   0.0
        D:2 |      20 |       0 |   0.0 |       3 |       0 |   0.0
        D:3 |      26 |       0 |   0.0 |       8 |       0 |   0.0
        D:4 |     306 |       0 |   0.0 |      10 |       0 |   0.0
        D:5 |     661 |     685 |  50.9 |      24 |       5 |  17.2
        D:6 |     589 |     981 |  62.5 |      18 |       4 |  18.2
        D:7 |    1345 |      40 |   2.9 |      20 |       1 |   4.8
        D:8 |     555 |     439 |  44.2 |      12 |       2 |  14.3
        D:9 |    1121 |     612 |  35.3 |      14 |      36 |  72.0
       D:10 |    2384 |    6338 |  72.7 |      32 |      23 |  41.8
       D:11 |    1657 |     282 |  14.5 |      13 |       6 |  31.6
       D:12 |    4625 |       0 |   0.0 |      38 |       0 |   0.0
       D:13 |   10864 |    2030 |  15.7 |      44 |       7 |  13.7
       D:14 |    4420 |    6128 |  58.1 |      13 |      20 |  60.6
       D:15 |   19746 |    2237 |  10.2 |      45 |       3 |   6.2
     Lair:1 |    1040 |      90 |   8.0 |       5 |       1 |  16.7
     Lair:2 |    2227 |       0 |   0.0 |       8 |       0 |   0.0
     Lair:3 |    3283 |    3213 |  49.5 |      20 |       6 |  23.1
     Lair:4 |    4418 |    6441 |  59.3 |      16 |      20 |  55.6
    Swamp:1 |    2543 |       0 |   0.0 |       9 |       0 |   0.0
    Swamp:2 |    1480 |       0 |   0.0 |       6 |       0 |   0.0
    Swamp:3 |   10168 |       0 |   0.0 |      22 |       0 |   0.0
    Swamp:4 |   16514 |   25263 |  60.5 |      34 |      33 |  49.3
    Snake:1 |    1320 |       0 |   0.0 |       2 |       0 |   0.0
    Snake:2 |     427 |       0 |   0.0 |       1 |       0 |   0.0
    Snake:3 |    3389 |       0 |   0.0 |       5 |       0 |   0.0
    Snake:4 |   11077 |   38959 |  77.9 |      27 |      67 |  71.3
   Vaults:1 |    8168 |       0 |   0.0 |      10 |       0 |   0.0
   Vaults:2 |     580 |    2392 |  80.5 |       1 |       6 |  85.7
   Vaults:3 |    4812 |    4287 |  47.1 |      11 |       8 |  42.1
   Vaults:4 |    2308 |       0 |   0.0 |       6 |       0 |   0.0
   Vaults:5 |    5792 |   45159 |  88.6 |      15 |      44 |  74.6
   Depths:1 |       0 |    2613 | 100.0 |       0 |       2 | 100.0
   Depths:2 |   17563 |       0 |   0.0 |      19 |       0 |   0.0
   Depths:3 |   16769 |   10937 |  39.5 |      23 |      10 |  30.3
            +---------+---------+-------+---------+---------+-------
